 Dungeon Crawl Stone Soup version 0.22-a0-433-gd2a9cce (webtiles) character file.

26136 Atlas the Thaumaturge (level 12, -33/88 HPs)
             Began as a Mummy Necromancer on May 29, 2018.
             Was an Initiate of Gozag.
             Killed from afar by Louise (45 damage)
             ... with a stone arrow
             ... on level 15 of the Dungeon.
             The game lasted 00:55:00 (21293 turns).

Atlas the Thaumaturge (Mummy Necromancer)          Turns: 21293, Time: 00:55:02

Health: -33/88     AC: 13    Str: 11    XL:     12   Next: 95%
Magic:  26/29      EV: 12    Int: 19    God:    Gozag
Gold:   186        SH:  6    Dex: 13    Spells: 29/38 levels left

rFire    x . .     SeeInvis .   z - +10 morningstar "Eos" {elec, Halo rElec}
rCold    + . .     Gourm    .   v - +2 buckler
rNeg     + + +     Faith    .   p - +3 ring mail {rN+}
rPois    ∞         Spirit   .   h - +0 helmet
rElec    +         Reflect  .   (no cloak)
rCorr    .         Harm     .   e - +0 pair of gloves
MR       ++...                  g - +0 pair of boots
Stlth    +.........             (no amulet)
HPRegen  0.24/turn              y - ring of wizardry
MPRegen  0.21/turn              u - ring of protection from magic

@: about to teleport, glowing
A: no food or potions, fire vulnerability, cold resistance 1, negative energy
resistance 3, torment resistance, unbreathing
a: Potion Petition, Call Merchant, Bribe Branch, Renounce Religion


You were on level 15 of the Dungeon.
You worshipped Gozag.
Gozag was aware of your devotion.
You were not hungry.

You visited 1 branch of the dungeon, and saw 15 of its levels.
You also visited: Sewer.

You collected 2961 gold pieces.
You spent 1049 gold pieces at shops.
You paid 1726 gold pieces to Gozag.

Inventory:

Hand Weapons
 z - the +10 morningstar "Eos" (weapon) {elec, Halo rElec}
   (You bought it in a shop on level 9 of the Dungeon)

   Occasionally, upon striking a foe, it will discharge some electrical energy
   and cause terrible harm.
   It insulates you from electricity.
Armour
 e - a +0 pair of gloves (worn)
 g - a +0 pair of boots (worn)
 h - a +0 helmet (worn)
 p - a +3 ring mail of positive energy (worn)
 v - a +2 buckler (worn)
Magical Staves
 w - an uncursed staff of conjuration
Jewellery
 k - an uncursed ring of protection from cold
 m - an uncursed ring of fire
 n - a +2 ring of dexterity
 u - a ring of protection from magic (right hand)
 y - a ring of wizardry (left hand)
 A - an uncursed ring of fire
Wands
 a - a wand of disintegration (9)
 i - a wand of random effects (21)
 C - a wand of enslavement (18)
 D - a wand of iceblast (11)
Scrolls
 b - 6 scrolls of enchant weapon
 c - 3 scrolls of identify
 d - 5 scrolls of remove curse
 f - 5 scrolls of immolation
 j - 2 scrolls of random uselessness
 o - 3 scrolls of magic mapping
 q - a scroll of enchant armour
 r - 2 scrolls of vulnerability
 s - 2 scrolls of amnesia
 t - a scroll of fog
 B - a scroll of fear {unknown}


   Skills:
 + Level 6.1 Fighting
 + Level 8.5 Maces & Flails
 + Level 5.9 Armour
 + Level 4.6 Dodging
 - Level 1.5 Stealth
 + Level 2.1 Shields
 + Level 13.6 Spellcasting
 + Level 11.7 Necromancy
 + Level 1.2 Evocations


You had 29 spell levels left.
You knew the following spells:

 Your Spells              Type           Power        Failure   Level  Hunger
a - Pain                  Necr           ####         1%          1    N/A
b - Mephitic Cloud        Conj/Pois/Air  ##......     16%         3    N/A
c - Vampiric Draining     Necr           ######....   1%          3    N/A
d - Swiftness             Chrm/Air       ##......     9%          2    N/A

Your spell library contained the following spells:

 Spells                   Type           Power        Failure   Level  Hunger
 Freezing Cloud           Conj/Ice/Air   ##........   100%        6    N/A
 Animate Dead             Necr           N/A          1%          4    N/A
 Animate Skeleton         Necr           N/A          1%          1    N/A
 Regeneration             Chrm/Necr      #####.....   1%          3    N/A
 Static Discharge         Conj/Air       ##......     16%         3    N/A
 Alistair's Intoxication  Tmut/Pois      ##......     80%         5    N/A

Dungeon Overview and Level Annotations

Branches:
Dungeon (15/15)            Temple (0/1) D:6            Lair (0/6) D:10
    Orc (0/2) D:12         Vaults (0/5) D:14
 Depths: D:15

Altars:
Ashenzari
Cheibriados
Dithmenos
Elyvilon
Fedhas
Gozag
Makhleb
Okawaru
Ru
Sif Muna
Uskayaw
Wu Jian
Xom
The Shining One
Beogh

Shops:
D:5 [   D:9 (   D:15 [

Annotations:
D:3 LogicNinja's ghost, amateur DEFE
D:15 Louise


Innate Abilities, Weirdness & Mutations

You do not eat or drink.
Your flesh is vulnerable to fire.
You are immune to poison.
Your flesh is cold resistant. (rC+)
You are immune to negative energy. (rN+++)
You are immune to unholy pain and torment.
You can survive without breathing.


Message History

You are too injured to fight recklessly!
You are too injured to fight recklessly!
You are too injured to fight recklessly!
You are too injured to fight recklessly!
As you read the scroll of teleportation, it crumbles to dust.
You feel strangely unstable.
Louise hits you with a demon trident of venom!!
* * * LOW HITPOINT WARNING * * *
Casting: Mephitic Cloud (safe; 16% risk of failure)
Confirm with . or Enter, or press ? or * to list all spells.
Aiming: Vampiric Draining (safe; 1% risk of failure)
Press: ? - help, Shift-Dir - straight line, f - Louise
Aim: Louise, wielding a demon trident of venom, wearing a plate armour and wearing a heavily runed large shield (lightly wounded, haloed) Louise is moderately wounded.
You feel life coursing into your body. Louise casts a spell at you.
The stone arrow hits you!
Ouch! That really hurt!
You die...
Your body crumbles into a pile of gold.

###'##...#≈##
#........≈≈≈##
#..)...#≈≈≈≈≈##
#......≈≈≈≈≈≈≈# .
#......≈≈≈≈≈≈≈ ≈.
###'####≈≈≈≈≈##≈≈.
#.#...........
#$##.##≈≈≈≈#
#@##'###≈≈≈#
#@......#≈##
#.......###
#.......#
#.......#
#.......#
.....##'####
##.#.##.# #.#. .#o


You could see Louise.

Vanquished Creatures
  Erolcha (D:11)
  A great orb of eyes (D:8)
  2 centaur warriors
  2 two-headed ogres
  2 tengu warriors (D:13)
  Urug (D:11)
  4 skeletal warriors
  An unseen horror (D:14)
  Pikel (D:4)
  A harpy (shapeshifter) (D:13)
  A manticore (D:8)
  An ugly thing (D:15)
  A centaur zombie (D:12)
  Joseph (D:10)
  3 kobold demonologists
  An efreet (D:13)
  2 tengu conjurers (D:14)
  Prince Ribbit (D:6)
  2 hornets
  2 hippogriffs
  7 slime creatures (D:13)
  A wyvern (D:13)
  A shadow (D:14)
  A vampire (D:13)
  2 water elementals (D:13)
  A basilisk (D:10)
  11 yaks
  2 hungry ghosts
  Edmund (D:5)
  A vampire mosquito (D:10)
  A water moccasin (D:10)
  8 orc warriors
  3 porcupines (D:10)
  A sky beast (D:12)
  2 black bears
  An eye of draining (D:8)
  10 ogres
  2 necrophages (D:11)
  An ice beast (D:8)
  12 centaurs
  3 crocodiles
  Blork the orc (D:6)
  3 big kobolds
  6 bullfrogs
  A wyvern zombie (D:10)
  2 wyvern skeletons
  9 scorpions
  8 killer bees
  3 wights
  6 howler monkeys
  3 electric eels (D:13)
  3 crimson imps
  A bullfrog zombie (D:6)
  8 orc priests
  A gnoll shaman (D:9)
  2 centaur skeletons
  3 bullfrog skeletons
  2 hounds
  6 jellies
  An iguana (D:9)
  11 orc wizards
  12 worker ants
  2 hound zombies (D:6)
  A mummy (D:7)
  A worker ant zombie (D:9)
  11 adders
  11 gnolls
  A shadow imp (D:11)
  7 oozes
  2 adder skeletons
  2 dart slugs
  4 worms
  2 leopard geckos
  56 orcs
  9 bats
  7 giant cockroaches
  15 goblins
  10 hobgoblins
  23 jackals
  18 kobolds
  4 quokkas
  3 ball pythons
  A frilled lizard (D:2)
  A giant cockroach zombie (D:6)
  A leopard gecko zombie (D:5)
  A quokka skeleton (D:5)
  13 rats
401 creatures vanquished.

Vanquished Creatures (others)
  A dancing weapon (D:14)
  An electric eel (D:13)
  2 fungi (D:10)
4 creatures vanquished.

Grand Total: 405 creatures vanquished

Notes
Turn   | Place    | Note
-------+----------+-------------------------------------------
     0 | D:1      | Atlas the Mummy Necromancer began the quest for the Orb.
     0 | D:1      | Reached XP level 1. HP: 13/13 MP: 4/4
   325 | D:1      | Reached XP level 2. HP: 19/19 MP: 2/5
   703 | D:1      | Reached skill level 3 in Spellcasting
  1194 | D:1      | Reached XP level 3. HP: 24/24 MP: 5/7
  1220 | D:1      | Learned a level 3 spell: Vampiric Draining
  1574 | D:2      | Reached skill level 5 in Necromancy
  2151 | D:2      | Found a glowing golden altar of the Shining One.
  2306 | D:2      | Reached XP level 4. HP: 30/30 MP: 1/9
  2743 | D:3      | Noticed LogicNinja's ghost (amateur DEFE)
  3061 | D:3      | Found an ornate altar of the Wu Jian Council.
  3792 | D:4      | Reached skill level 4 in Spellcasting
  3901 | D:4      | Reached XP level 5. HP: 15/35 MP: 1/11
  3979 | D:4      | Found a glowing drain.
  3988 | Sewer    | Entered a sewer
  4198 | Sewer    | Reached skill level 5 in Spellcasting
  4397 | Sewer    | Found a white marble altar of Elyvilon.
  4700 | D:4      | Reached XP level 6. HP: 42/42 MP: 7/13
  4704 | D:4      | Found a blossoming altar of Fedhas.
  5646 | D:5      | Entered Level 5 of the Dungeon
  5680 | D:5      | Reached skill level 1 in Armour
  5812 | D:5      | Noticed Pikel
  5812 | D:5      | Noticed a slave
  5812 | D:5      | Noticed a slave
  5813 | D:5      | Noticed a slave
  5813 | D:5      | Noticed a slave
  5867 | D:4      | Killed Pikel
  5867 | D:4      | Reached skill level 1 in Fighting
  5867 | D:4      | Reached skill level 7 in Spellcasting
  5867 | D:4      | Reached XP level 7. HP: 26/48 MP: 0/17
  6027 | D:5      | Found a burning altar of Makhleb.
  6033 | D:5      | Found Napho's Antique Armour Shoppe.
  6058 | D:5      | Found a shadowy altar of Dithmenos.
  6068 | D:5      | Noticed Edmund
  6079 | D:5      | Killed Edmund
  6237 | D:5      | Reached XP level 8. HP: 54/54 MP: 15/19
  7209 | D:6      | Reached skill level 1 in Maces & Flails
  7266 | D:6      | Reached skill level 8 in Spellcasting
  7395 | D:6      | Noticed Blork the orc
  7420 | D:6      | Killed Blork the orc
  7640 | D:6      | Noticed Prince Ribbit
  7653 | D:6      | Killed Prince Ribbit
  8175 | D:6      | Reached XP level 9. HP: 36/62 MP: 21/21
  8483 | D:6      | Found a deep blue altar of Sif Muna.
  8483 | D:6      | Found a sacrificial altar of Ru.
  8483 | D:6      | Found an opulent altar of Gozag.
  8490 | D:6      | Became a worshipper of Gozag Ym Sagoz the Greedy
  8508 | D:6      | Found a shattered altar of Ashenzari.
  8741 | D:6      | Found a staircase to the Ecumenical Temple.
  8843 | D:5      | Bought a shiny ring mail for 161 gold pieces
  9243 | D:7      | Found a snail-covered altar of Cheibriados.
  9570 | D:8      | Found a white marble altar of Elyvilon.
  9673 | D:8      | Found an iron altar of Okawaru.
  9779 | D:8      | Noticed a two-headed ogre
  9797 | D:8      | Killed a two-headed ogre
  9797 | D:8      | Reached skill level 9 in Spellcasting
  9913 | D:8      | Noticed a centaur warrior
  9925 | D:8      | Killed a centaur warrior
  9925 | D:8      | Reached XP level 10. HP: 22/70 MP: 2/23
 10386 | D:8      | Found a large runed door.
 10387 | D:8      | Found a large runed door.
 10391 | D:8      | Noticed a great orb of eyes
 10392 | D:8      | Paralysed by a great orb of eyes for 5 turns
 10402 | D:8      | Paralysed by a great orb of eyes for 3 turns
 10425 | D:8      | Killed a great orb of eyes
 10425 | D:8      | Reached skill level 10 in Spellcasting
 10437 | D:8      | Found a shimmering altar of Xom.
 10437 | D:8      | Noticed a manticore
 10451 | D:8      | Killed a manticore
 10451 | D:8      | Reached skill level 1 in Evocations
 10468 | D:8      | Found a snail-covered altar of Cheibriados.
 11017 | D:9      | Found a hide-covered altar of Uskayaw.
 11017 | D:9      | Noticed a dagger
 11018 | D:9      | Noticed a hand axe
 11590 | D:9      | Reached skill level 5 in Maces & Flails
 12119 | D:9      | Found a roughly hewn altar of Beogh.
 12598 | D:10     | Entered Level 10 of the Dungeon
 12812 | D:10     | Found a staircase to the Lair.
 12896 | D:10     | Reached skill level 10 in Necromancy
 12908 | D:10     | Reached skill level 11 in Spellcasting
 12908 | D:10     | Reached XP level 11. HP: 32/78 MP: 1/26
 13747 | D:10     | Noticed Joseph
 13962 | D:10     | Killed Joseph
 14430 | D:10     | Identified the Disquisition on the Venomous Birds
 14714 | D:10     | Reached skill level 5 in Armour
 14970 | D:11     | Reached skill level 5 in Fighting
 15163 | D:11     | Noticed Erolcha
 15195 | D:11     | Learned a level 3 spell: Mephitic Cloud
 15212 | D:11     | Learned a level 2 spell: Swiftness
 15245 | D:11     | Killed Erolcha
 15248 | D:11     | Noticed a soul eater
 15438 | D:9      | Bought the +10 morningstar "Eos" {elec, Halo rElec} for 888 gold pieces
 15438 | D:9      | Found the +10 morningstar "Eos" {elec, Halo rElec}
 15554 | D:11     | Noticed a two-headed ogre
 15564 | D:11     | Killed a two-headed ogre
 15564 | D:11     | Reached skill level 12 in Spellcasting
 15937 | D:11     | Reached skill level 1 in Shields
 16200 | D:11     | Noticed Urug
 16218 | D:11     | Killed Urug
 16806 | D:12     | Found a staircase to the Orcish Mines.
 16959 | D:12     | Reached XP level 12. HP: 77/86 MP: 24/28
 17727 | D:13     | Noticed a tengu warrior
 17742 | D:13     | Killed a tengu warrior
 17890 | D:13     | Noticed a tengu warrior
 17900 | D:13     | Killed a tengu warrior
 18218 | D:13     | Noticed a centaur warrior
 18224 | D:13     | Killed a centaur warrior
 18316 | D:13     | Reached skill level 13 in Spellcasting
 18464 | D:14     | Found a hide-covered altar of Uskayaw.
 18669 | D:14     | Found a gate to the Vaults.
 21163 | D:15     | Entered Level 15 of the Dungeon
 21276 | D:15     | Noticed Louise
 21292 | D:15     | HP: 4/88 [Louise/demon trident of venom (18)]
 21293 | D:15     | Killed from afar by Louise

Vault maps used:
D:1:      giann_forest_graveyard
D:2:      lemuel_coloured_pillars_altar
D:3:      old_standard_altar, first_ration, feat_on_display
D:4:      lemuel_doored_altar, cheibrodos_sewer_entry_drain,
          kennysheep_pointless_box
D:5:      kennysheep_mini, serial_glass, glass_columns_a, glass_columns_b,
          serial_shops, shop, nicolae_dithmenos_the_darkroom, uniq_edmund,
          uniq_pikel
D:6:      grunt_temple_overflow_cloverleaf, temple_hall, uniq_prince_ribbit1,
          uniq_blork_the_orc
D:7:      slow_altar_1
D:8:      overflow_temple_1_default, nicolae_overflow_crystal_walls,
          jmf_multi_god_temple2
D:9:      dancing_weapons_uskayaw, special_room
D:10:     minmay_lair_entry_grove, uniq_joseph
D:11:     uniq_erolcha, uniq_urug
D:12:     orc_0_dummy
D:13:     hangedman_little_slice_of_home
D:14:     erik_vaults_1, basic_altar, grunt_ministairs_13
D:15:     grunt_enter_depths_snipers, grunt_decor_fettered, st_stairs_13,
          uniq_louise
Sewer:    sewer_kobolds

Skill      XL: |  1  2  3  4  5  6  7  8  9 10 11 12 |
---------------+-------------------------------------+-----
Spellcasting   | 3 4 5 7 8 9 11 12 13 | 13.6
Necromancy     | 5 6 7 8 9 10 11 | 11.7
Armour         | 1 2 3 4 5 |  5.9
Fighting       | 1 2 3 4 5 6 |  6.1
Dodging        | 2 3 4 |  4.6
Maces & Flails | 2 4 5 7 8 |  8.5
Evocations     | 1 |  1.2
Shields        | 1 2 |  2.1
Stealth        | |  1.5

Action                   |  1- 3 |  4- 6 |  7- 9 | 10-12 || total
-------------------------+-------+-------+-------+-------++-------
Melee: Unarmed           |    22 |    17 |       |       ||    39
       Whip              |       |       |   348 |    59 ||   407
       Flail             |       |       |       |   426 ||   426
       Morningstar       |       |       |       |   269 ||   269
 Cast: Pain              |    80 |   113 |    43 |   153 ||   389
       Vampiric Draining |       |    14 |    36 |   115 ||   165
       Mephitic Cloud    |       |       |       |     1 ||     1
Invok: Potion Petition   |       |       |       |     2 ||     2
       Call Merchant     |       |       |       |     2 ||     2
Evoke: Wand              |       |       |     3 |    17 ||    20
  Use: Scroll            |       |     7 |     3 |    14 ||    24
 Stab: Sleeping          |       |       |     1 |       ||     1
       Distracted        |       |       |       |     3 ||     3
       Confused          |       |       |       |     1 ||     1
Armor: Robe              |     2 |       |       |       ||     2
       Leather armour    |     3 |    21 |    83 |       ||   107
       Ring mail         |       |       |    52 |   357 ||   409
Dodge: Dodged            |    28 |    62 |   236 |   462 ||   788
Block: Buckler           |       |       |       |   150 ||   150

Table legend:
 A = Spawn XP
 B = Non-spawn XP
 C = Spawn XP percentage of total XP
 D = Spawn monster count
 E = Non-spawn monster count
 F = Spawn count percentage of total count
 G = Total turns spent on level
                    A         B        C        D         E        F      G
               +---------+---------+-------+---------+---------+-------+---------
         Total |       0 |   37338 |   0.0 |       0 |     402 |   0.0 | 21293
               +---------+---------+-------+---------+---------+-------+---------
           D:1 |       0 |      46 |   0.0 |       0 |      25 |   0.0 |  1538
           D:2 |       0 |      60 |   0.0 |       0 |      27 |   0.0 |  1382
           D:3 |       0 |      44 |   0.0 |       0 |      22 |   0.0 |   779
           D:4 |       0 |     828 |   0.0 |       0 |      17 |   0.0 |  1650
           D:5 |       0 |     552 |   0.0 |       0 |      14 |   0.0 |  1358
           D:6 |       0 |    1429 |   0.0 |       0 |      38 |   0.0 |  1751
           D:7 |       0 |     700 |   0.0 |       0 |      13 |   0.0 |   611
           D:8 |       0 |    3945 |   0.0 |       0 |      15 |   0.0 |  1666
           D:9 |       0 |    1462 |   0.0 |       0 |      50 |   0.0 |  1683
          D:10 |       0 |    5026 |   0.0 |       0 |      51 |   0.0 |  2065
          D:11 |       0 |    5476 |   0.0 |       0 |      30 |   0.0 |  1702
          D:12 |       0 |    3868 |   0.0 |       0 |      33 |   0.0 |   731
          D:13 |       0 |    8052 |   0.0 |       0 |      35 |   0.0 |  2493
          D:14 |       0 |    4994 |   0.0 |       0 |      19 |   0.0 |  1310
          D:15 |       0 |     752 |   0.0 |       0 |       5 |   0.0 |   130
         Sewer |       0 |     104 |   0.0 |       0 |       8 |   0.0 |   444
               +---------+---------+-------+---------+---------+-------+---------
